 Dungeon Crawl Stone Soup version 0.17-a0-1942-g46ae386 (webtiles) character file.

55 ololoev the Slasher (level 3, 0/26 HPs)
             Began as a High Elf Fighter on Sept 30, 2015.
             Slain by a jelly (2 damage)
             ... on level 5 of the Dungeon.
             The game lasted 00:04:23 (580 turns).

ololoev the Slasher (High Elf Fighter)               Turns: 580, Time: 00:04:23

Health: 0/26       AC:  2    Str: 16    XL:     3   Next: 67%
Magic:  4/4        EV:  9    Int: 12    God:
Gold:   19         SH:  0    Dex: 14    Spells: 0 memorised, 2 levels left

rFire  . . .     SeeInvis .     a - +0 long sword
rCold  . . .     Clarity  .     b - +0 scale mail
rNeg   . . .     SustAt   +     (no shield)
rPois  .         Gourm    +     (no helmet)
rElec  .         Spirit   .     (no cloak)
rCorr  .         Warding  .     (no gloves)
rMut   .         Stasis   .     (no boots)
MR     +....                    k - amulet of the gourmand
Stlth  ..........               j - ring of sustain attributes
                                d - ring of protection from magic

@: corroded equipment, somewhat resistant to hostile enchantments, extremely
unstealthy
A: no striking features
a: no special abilities

Inventory:

Hand weapons
 a - a +0 long sword (weapon)
Armour
 b - a +0 scale mail (worn)
 c - a +0 shield
Jewellery
 d - a ring of protection from magic (left hand)
 i - a +4 ring of intelligence
 j - a ring of sustain attributes (right hand)
 k - an amulet of the gourmand (around neck)
Scrolls
 f - 3 scrolls of blinking {unknown}
 g - a scroll of amnesia {unknown}
 h - a scroll of identify {unknown}
Potions
 l - a potion of might
Comestibles
 e - 3 bread rations


   Skills:
 + Level 3.5 Fighting
 * Level 3.9 Long Blades
 + Level 3.1 Armour
 - Level 2.6 Shields


You had 2 spell levels left.
You didn't know any spells.


You were on level 5 of the Dungeon.
You were not hungry.

You visited 1 branch of the dungeon, and saw 5 of its levels.

You collected 19 gold pieces.

#..... #.#### #.# ..
###########.###.
#.........#..... #
#.#######.#####<
#.#####.#######.# #.
#.............#.# #.
+...J@..#####.#.#####.
######### #.......
#..##### #..# #..#
#..# #..# #..#####
#.......

Notes
Turn   | Place    | Note
--------------------------------------------------------------
     0 | D:1      | ololoev the High Elf Fighter began the quest for the Orb.
     0 | D:1      | Reached XP level 1. HP: 16/16 MP: 2/2
   159 | D:2      | Reached XP level 2. HP: 15/21 MP: 3/3
   292 | D:4      | Reached XP level 3. HP: 22/26 MP: 4/4
   511 | D:5      | Entered Level 5 of the Dungeon
   580 | D:5      | Slain by a jelly

Dungeon Overview and Level Annotations

Branches:
Dungeon (5/15)
 Temple: D:4-7

Altars:


Message History

The giant gecko bites you.
You hit the giant gecko but do no damage.
The giant gecko bites you. The giant gecko barely misses you.
You hit the giant gecko.
You kill the giant gecko!
You see here a giant gecko corpse.
There isn't anything here!
There is a stone staircase leading down here.
You climb downwards.
There is a stone staircase leading up here.
Found a stone staircase leading down.
Found a stone staircase leading down.
There is a stone staircase leading down here.
You climb downwards.
There is a stone staircase leading up here.
You climb upwards.
There is a stone staircase leading down here.
There is a stone staircase leading down here.
You climb downwards.
There is a stone staircase leading up here.
Found a potion of might.
Found a leather armour.
l - a potion of might A jelly comes into view.
You hear a slurping noise.
You hit the jelly but do no damage. The acid corrodes you!
Your hands burn!
The jelly hits you.
You are splashed with acid!
The acid burns!
You hit the jelly.
Your hands burn!
The jelly is lightly wounded.
The jelly closely misses you.
You hit the jelly.
Your hands burn!
The jelly is moderately wounded.
The jelly hits you but does no damage. The jelly closely misses you.
You slash the jelly!
Your hands burn!
The jelly is severely wounded.
The jelly hits you but does no damage.
You hit the jelly but do no damage.
Your hands burn!
The jelly is severely wounded.
The jelly hits you.
You die...

You could see a jelly.

Vanquished Creatures
  A worker ant (D:4)
  An adder (D:2)
  An ooze (D:4)
  3 giant geckos
  A goblin (D:2)
  2 hobgoblins
  A bat (D:1)
  A giant cockroach (D:4)
  4 giant newts
  A kobold (D:2)
  2 rats (D:1)
18 creatures vanquished.

Action                   || total
-------------------------++-------
Melee: Long sword        ||    49
  Use: Potion            ||     1

Vault maps used:
D:1:      dpeg_arrival_leaves_temple_mockup, st_stairs_4,
          corexii_leaking_fountain
D:2:      fiery_altar_vehumet, ecumenical_altar_2, serial_forest,
          infiniplex_forest_lined_2, infiniplex_forest_clump_long,
          infiniplex_forest_end_2, infiniplex_forest_clump_tiny,
          infiniplex_forest_straight_2, uniq_jessica
D:3:      lemuel_zombie_altar_yredelemnul, first_bread, dk_noncrumbling_2
D:4:      kennysheep_big_empty_room, kennysheep_generic_room_9
